 Dungeon Crawl Stone Soup version 0.26-a0-540-g8a0c9464d7 (webtiles) character file.

Game seed: 4656267733910681710

9 Gorglomux the Sneak (level 2, 0/25 HPs)
             Began as a Palentonga Delver on Aug 21, 2020.
             Slain by a quasit (1 damage)
             ... on level 5 of the Dungeon.
             The game lasted 00:00:17 (58 turns).

Gorglomux the Sneak (Palentonga Delver)               Turns: 58, Time: 00:00:17

Health: 0/25       AC:  4    Str: 15      XL:     2   Next: 3%
Magic:  2/2        EV:  9    Int: 10      God:
Gold:   29         SH:  0    Dex:  7 (11) Spells: 1/1 levels left

rFire    . . .     SeeInvis +   a - +0 short sword
rCold    . . .     Faith    .   (no shield)
rNeg     . . .     Spirit   .   b - +0 leather armour
rPois    .         Reflect  .   (no helmet)
rElec    .         Harm     .   (no cloak)
rCorr    .                      (no gloves)
MR       .....                  (boots restricted)
Stlth    ++........             (no amulet)
HPRegen  0.08/turn              (no ring)
MPRegen  0.08/turn              (no ring)

@: no status effects
A: large, rugged brown scales 3, see invisible, deformed body, roll, armoured
tail
a: Rolling Charge


You were on level 5 of the Dungeon.
You visited 1 branch of the dungeon, and saw 1 of its levels.

You collected 29 gold pieces.

Inventory:

Hand Weapons
 a - a +0 short sword (weapon)
Armour
 b - a +0 leather armour (worn)
Wands
 D - a wand of digging (3)
Scrolls
 c - a scroll of fog
 e - a scroll of fear
 M - a scroll of magic mapping
Potions
 d - a potion of stabbing {unknown}
 H - a potion of haste


   Skills:
 + Level 3.3 Fighting
 + Level 2.4 Short Blades
 - Level 1.5 Dodging
 - Level 3.3 Stealth


You had one spell level left.
You didn't know any spells.
Your spell library was empty.

Dungeon Overview and Level Annotations

Branches:
Dungeon (5/15)
 Temple: D:4-7

Altars:
Fedhas


Innate Abilities, Weirdness & Mutations

You are completely covered in rugged brown scales. (AC +3, +7% HP)
You have supernaturally acute eyesight. (SInv)
Armour fits poorly on your strangely shaped body.
You can roll at foes to attack.
You have a long armoured tail.


Message History

The quasit is moderately wounded.
The quasit bites you but does no damage.
The quasit claws you but does no damage. x2
The quasit misses you. The quasit claws you.
You feel clumsy.
The quasit claws you but does no damage.
You hit the quasit.
The quasit is moderately wounded.
The quasit bites you but does no damage.
The quasit claws you. The quasit completely misses you.
You miss the quasit.
Your tail-slap misses the quasit.
The quasit is moderately wounded.
The quasit closely misses you. x2; The quasit claws you.
You miss the quasit.
The quasit is moderately wounded.
The quasit bites you. The quasit claws you.
The quasit claws you but does no damage.
You hit the quasit but do no damage.
The quasit is moderately wounded.
The quasit bites you.
* * * LOW HITPOINT WARNING * * *
The quasit claws you.
* * * LOW HITPOINT WARNING * * *
The quasit barely misses you. x2
The quasit claws you but does no damage. x2
You are too injured to fight recklessly!
You hit the quasit.
The quasit is heavily wounded.
The quasit misses you.
The quasit claws you but does no damage. x2
You are too injured to fight recklessly!
You are too injured to fight recklessly!
You hit the quasit.
The quasit is severely wounded.
The quasit barely misses you.
The quasit claws you but does no damage. x2
You are too injured to fight recklessly!
You closely miss the quasit.
The quasit is severely wounded.
The quasit bites you.
* * * LOW HITPOINT WARNING * * *
You feel clumsy. The quasit claws you.
* * * LOW HITPOINT WARNING * * *
You feel clumsy. The quasit claws you.
* * * LOW HITPOINT WARNING * * *
You feel clumsy. The quasit barely misses you. The quasit claws you.
You die...

.. .$ .. ##
.## #. ..##
#.# ...
.#####.##5#
........@.#
###≈≈.≈..#
#≈..≈≈.#
#.##
#.≈_≈.#####
#...
#..≈≈≈....#
#.#
#≈..≈≈###.#
#.# #).#.##
#.# #.#
##.#.# #.#
##.## #†#.#
#.#
#.####...#


You could see a quasit.

Vanquished Creatures
  An adder (D:5)
1 creature vanquished.

Notes
Turn   | Place    | Note
-------+----------+-------------------------------------------
     0 | D:5      | Gorglomux the Palentonga Delver began the quest for the
                  | Orb.
     0 | D:5      | Reached XP level 1. HP: 19/19 MP: 1/1
    27 | D:5      | Found a blossoming altar of Fedhas.
    37 | D:5      | Reached XP level 2. HP: 25/25 MP: 2/2
    58 | D:5      | HP: 1/25 [quasit (1)]
    58 | D:5      | Slain by a quasit

Illustrated notes

Levels and vault maps discovered:
D:5:      layout_loops_ring, fedhas_altar_2

Action                   || total
-------------------------++-------
Melee: Short sword       ||    18
 Abil: Rolling Charge    ||     1
Armor: Leather armour    ||    27
Dodge: Dodged            ||    20

Table legend: (Time is in decaauts)
 A = Elapsed time spent in this place.
 B = Non-inter-level travel time spent in this place.
 C = Inter-level travel time spent in this place.
 D = Time resting spent in this place.
 E = Time spent auto-exploring this place.
 F = Levels seen in this place.
 G = Mean time per level.
                   A        B        C        D        E       F      G
               +--------+--------+--------+--------+--------+-----+--------+
         Total |     60 |     60 |      0 |      0 |      0 |   1 |   60.0 |
       Dungeon |     60 |     60 |      0 |      0 |      0 |   1 |   60.0 |
               +--------+--------+--------+--------+--------+-----+--------+

Top non-repeatable levels by time:
     D:5: 60 daAuts
